 BcadrenCrawl: Boulder Brew version 0.03.2.1-42-g860841ac0a (webtiles) character file.

Game seed: 15212719732027372879, levelgen mode: deterministic

73782 esc the Sharpshooter (level 15, -1/111 HPs) Octopode Noble. Began on Jan 25, 2021. Killed by a guardian mummy's death curse (26 damage) ... on level 7 of the Dungeon. The game lasted 00:44:59 (13001 turns).

esc the Sharpshooter (Octopode Noble)              Turns: 13001, Time: 00:45:00

Health: -1/111     AC:  2    Str: 16    XL:     15 ^: 23476
Magic:  17/17      EV: 30    Int: 17    God:
Gold:   1429       SH: 12    Dex: 21    Spells: 17/17 levels left

rFire    . . .     Vision   +   b - +5 triple crossbow (velocity)
rCold    . . .     Gourm    .   W - +0 heater shield
rNeg     + . .     Faith    .   i - +1 hat {+Vis}
rPois    .         Spirit   .   f - amulet of regeneration
rElec    +         Reflect  .   c - ring of dexterity
rCorr    +         Harm     .   j - ring of evasion
MR       +....                  n - ring of wizardry
Stlth    ++++......             s - ring of stealth
HPRegen  0.87/turn              m - ring of resist corrosion
MPRegen  0.27/turn              D - ring of Liberty {rElec Int+5 Slay+3 +Vis}
                                O - ring of positive energy
                                Q - ring of evasion

@: marked
A: almost no armour, stealthy swim, amphibious, 8 rings, constrict 8, camouflage
1, gelatinous body 1
a: no special abilities


You were on level 7 of the Dungeon.
You were very full.

You visited 3 branches of the dungeon, and saw 14 of its levels.
You also visited: Ice Cave and Market.

You collected 1568 gold pieces.
You spent 1139 gold pieces at shops.

Inventory:

Weapons
 b - a +5 triple crossbow of velocity (weapon) Shields
 x - a cursed +4 buckler of fire resistance {(Curse: *Slow rC-)}
 K - a cursed +2 heater shield of reflection {(Curse: rC-)}
 W - a +0 heater shield (shield)
Armour
 i - a +1 hat of improved vision (worn)
Jewellery
 c - a ring of dexterity (left tentacle)
 f - an amulet of regeneration (around mantle)
 j - a ring of evasion (right tentacle)
 m - a ring of resist corrosion (on tentacle)
 n - a ring of wizardry (on tentacle)
 s - a ring of stealth (on tentacle)
 D - the ring of Liberty (on tentacle) {rElec Int+5 Slay+3 +Vis}
   (You acquired it on level 5 of the Dungeon)

   [ring of intelligence]

   It affects your intelligence (+5).
   It affects your accuracy and damage with ranged weapons and melee attacks
   (+3).
   It insulates you from electricity.
   It improves your vision.
 E - the cursed macabre finger necklace {rN+, (Curse: MR-)}
   (You took it off Sonja on level 5 of the Dungeon)

   [amulet of nothing]

   It protects you from negative energy.
   It has a curse placed upon it.
   { (Curse: MR-)}
 O - a ring of positive energy (on tentacle)
 Q - a ring of evasion (on tentacle)
Wands
 d - a wand of ensnaring (16)
 g - a wand of enslavement (1)
 q - a wand of random effects (1)
 w - a wand of polymorph (19)
 y - a wand of disintegration (1)
 I - a wand of acid (25)
 M - a wand of iceblast (14)
Scrolls
 o - 4 scrolls of blinking
 p - 5 scrolls of amnesia
 B - a scroll of bless item
 H - 6 scrolls of teleportation
 J - a scroll of silence
 N - 5 scrolls of summoning
 R - 4 scrolls of magic mapping
 T - a scroll of fear
 U - a scroll of fog
Potions
 e - a potion of ambrosia
 h - a potion of agility
 l - 9 potions of curing
 u - 2 potions of magic
 v - 2 potions of invisibility
 z - 5 potions of heal wounds
 A - 2 potions of brilliance
 C - 2 potions of might
 L - a potion of mutation
 V - 2 potions of cancellation
 Z - a potion of haste
Comestibles
 a - 35 rations


   Skills:
 + Level 13.5 Fighting
 + Level 16.5 Crossbows
 + Level 13.4 Dodging
 - Level 2.0 Stealth
 + Level 12.4 Shields
 - Level 1.6 Spellcasting


You had 17 spell levels left.
You didn't know any spells.
Your spell library contained the following spells:

 Spells                   Type           Power        Failure   Level  Hunger
 Confusing Touch          Hex            1 (50)       12%         1    ##.....
 Flame Tongue             Fire           1 (30)       12%         1    ##.....
 Poisonous Vapours        Pois/Air       1 (50)       12%         1    ##.....
 Sublimation of Blood     Necr           1 (200)      16%         2    ###....
 Apportation              Tloc           1 (50)       32%         3    ####...
 Portal Projectile        Chrm/Tloc      1 (50)       32%         3    ####...
 Regeneration             Chrm/Necr      1 (200)      32%         3    ####...
 Cause Fear               Hex            1 (200)      69%         4    #####..
 Force Lance              Tloc/Air       1 (200)      69%         4    #####..
 Olgreb's Toxic Radiance  Pois           1 (100)      69%         4    #####..
 Bolt of Magma            Fire/Erth      1 (200)      95%         5    ######.
 Iskenderun's Battlesphe  Chrm/Erth      1 (100)      95%         5    ######.
 Summon Lightning Spire   Summ/Air       1 (100)      95%         5    ######.
 Bolt of Fire             Fire           1 (200)      100%        6    #######
 Cigotuvi's Degeneration  Tmut/Necr      1 (200)      100%        6    #######
 Freezing Cloud           Ice/Air        1 (200)      100%        6    #######
 Iron Shot                Erth           1 (200)      100%        6    #######
 Dragon Form              Tmut           1 (200)      100%        7    #######
 Iskenderun's Icy Sphere  Ice            1 (200)      100%        7    #######
 Spellforged Servitor     Summ           1 (200)      100%        7    #######
 Dragon's Call            Summ           1 (200)      100%        9    #######


Dungeon Overview and Level Annotations

Branches:
Dungeon (7/8)              Temple (1/1) D:4            Lair (6/6) D:5
  Swamp (0/4) Lair:3        Snake (0/4) Lair:2        Slime (0/5) Lair:6
    Orc (0/2) D:6           IceCv (visited)
 Vaults: D:7

Altars:
Ashenzari
Cheibriados
Dithmenos
Hepliaklqana
Kikubaaqudgha
Makhleb
Nemelex Xobeh
Okawaru
Trog
Uskayaw
Vehumet
Wu Jian
Yredelemnul
Zin
The Shining One
Jiyva

Shops:
D:4 [

Annotations:
D:6 3 runed translucent doors, Lanoc's ghost, novice DrDs


Innate Abilities, Weirdness & Mutations

You cannot wear most types of armour.
You are very stealthy in the water. (Stealth+)
You are amphibious.
You can wear up to three rings at the same time.
You can use your tentacles to constrict three enemies at once.
Your skin changes colour to match your surroundings (Stealth+).
Your rubbery body absorbs attacks. (AC +1, EV +1)


Message History

You shoot a triplet of bolts.
The triplet of bolts hits the mummy (9)! x2
The couple of bolts hits the guardian mummy (9)!
The couple of bolts hits the guardian mummy (8)!
The guardian mummy is almost destroyed. (3/43) HP You destroy the mummy!
The meliai zombie enters a dispersal trap!
The harpy skeleton blinks!
The guardian mummy blinks!
The mummy blinks!
The scorpion blinks!
The harpy skeleton blinks!
The mummy blinks! x2
You blink.
The meliai zombie blinks!
The meliai zombie misses you (0). x2
Unknown command.
Aiming:
b - a +5 triple crossbow of velocity, Range: 3 (75%)
Press: ? - help, Shift-Dir - straight line, f/p - guardian mummy
Aim: a guardian mummy, wielding a +0 glaive (almost destroyed (3/43))
You shoot a triplet of bolts.
The triplet of bolts hits the guardian mummy (10)!
You destroy the guardian mummy!
You feel extremely nervous for a moment...
You convulse helplessly as pain tears through your body!
You die...

##.......######.#
#.## #..####### #.#
#.8# #.###### #.##
##..# # #†.....#
##..###8.8. #.
##†..M.#
M###.......† +.#
##.†M^.## #.+
#######8#
#.###...†...###.#
###
+..#...†...Z.#).+
#8.'..s§⌠Z.@†§.8#
+..#..§.§§^..#..'.#
#.###..†§%..## ###
'.# ##...^.## ##.
###'### # #.# #§#
8?8 §?.


You could see 2 mummies, a scorpion, a meliai zombie and a harpy skeleton.

Vanquished Creatures
  Snorg (D:5)
  Fannar (D:5)
  A boulder beetle (Lair:3)
  4 catoblepae
  Erica (D:4)
  An unseen horror (D:6)
  6 swooping magpies
  Sonja (D:5)
  2 two-headed ogres (D:6)
  12 hydras
  2 torpor snails
  4 manticores
  19 giraffes
  7 death yaks
  An oklob plant (Lair:3)
  A gargoyle (D:6)
  8 black mambas
  3 ice statues (IceCv)
  3 ugly things
  12 spiny frogs
  2 trolls (D:6)
  A freezing wraith (D:7)
  17 elephants
  A rime drake (Lair:5)
  5 komodo dragons
  2 hornets (D:6)
  4 polar bears
  Prince Ribbit (D:2)
  2 wraiths (Lair:1)
  7 blink frogs (Lair:3)
  10 dream sheep
  2 hippogriffs
  A cyclops (D:6)
  Menkaure (D:3)
  Grum (D:4)
  34 yaks
  A wyvern (Lair:3)
  2 hogs (D:5)
  A human (D:5)
  3 war dogs (D:4)
  6 basilisks
  7 vampire mosquitoes
  2 slime creatures (D:2)
  3 swamp worms (Lair:3)
  A guardian mummy (D:7)
  3 insubstantial wisps (Lair:2)
  26 water moccasins
  3 orc warriors (D:6)
  A necrophage (D:6)
  15 ice beasts
  22 porcupines
  10 scorpions
  A sky beast (D:3)
  2 black bears (D:5)
  Ijyb (D:3)
  2 ogres
  13 wolves
  13 crocodiles
  A big kobold (D:2)
  25 bullfrogs
  2 centaurs
  3 harpy skeletons (D:7)
  6 killer bees (D:5)
  A black mamba simulacrum (Lair:1)
  3 wights (D:5)
  12 electric eels
  2 hounds
  A crimson imp (D:3)
  6 orc priests
  4 jellies
  8 orc wizards
  A spectral water moccasin (Lair:1)
  Crazy Yiuf (D:3)
  3 mummies (D:7)
  3 iguanas
  2 hell rats (Lair:1)
  11 worker ants
  18 giant cockroaches
  21 adders
  A bullfrog simulacrum (Lair:1)
  31 sewer rats
  A white imp (D:4)
  2 worms
  8 cinder newts
  A howler monkey zombie (D:5)
  A worker ant zombie (D:5)
  16 oozes (D:2)
  A howler monkey skeleton (D:3)
  A dart slug (D:3)
  4 leopard geckos
  55 orcs
  An adder skeleton (D:5)
  4 bats
  2 goblins (D:1)
  3 hobgoblins (D:1)
  A jackal (D:7)
  4 quokkas
  3 ball pythons
  A hobgoblin skeleton (D:2)
  5 kobolds
  4 rats (D:5)
  11 fungi
  34 plants
  2 slimeheads (D:2)
  A withered plant (D:2)
651 creatures vanquished.

Vanquished Creatures (others)
  A giant cockroach (D:2)
  A bush (Lair:2)
  20 fungi
  57 plants
  74 withered plants (D:2)
153 creatures vanquished.

Grand Total: 804 creatures vanquished

Notes
Turn   | Place    | Note
-------+----------+-------------------------------------------
     0 | Start Ma | esc the Octopode Noble began the quest for the Orb.
     0 | Start Ma | Reached XP level 1. HP: 13/13 MP: 2/2
     0 | Start Ma | Found Acvehock's Expert Tomes.
     4 | Start Ma | Found Wufo's Auxillary Armour.
     6 | Start Ma | Bought a +0 triple crossbow for 400 gold pieces
    13 | Start Ma | Found Xofumm's Mashing MeleeMart.
    19 | Start Ma | Bought an uncursed ring of dexterity for 329 gold pieces
    24 | Start Ma | Bought a scroll of enchantment for 120 gold pieces
    29 | Start Ma | Bought a +0 hat for 80 gold pieces
    45 | D:1      | esc set off with the following items: a ration, a +1 triple
                  | crossbow, a ring of dexterity, a +0 hat
    78 | D:1      | Reached XP level 2. HP: 16/18 MP: 2/4
    89 | D:1      | Reached skill level 1 in Crossbows
    89 | D:1      | Reached XP level 3. HP: 8/23 MP: 5/5
   189 | D:1      | Reached skill level 2 in Crossbows
   955 | D:2      | Reached skill level 3 in Crossbows
   955 | D:2      | Reached XP level 4. HP: 28/28 MP: 6/6
   958 | D:2      | Noticed a big kobold
   980 | D:2      | Reached skill level 4 in Crossbows
   981 | D:2      | Killed a big kobold
   981 | D:2      | Reached skill level 5 in Crossbows
   981 | D:2      | Reached XP level 5. HP: 33/33 MP: 7/7
   998 | D:2      | Noticed a slime creature
  1002 | D:2      | Reached XP level 6. HP: 38/38 MP: 8/8
  1014 | D:2      | Killed a slime creature
  1014 | D:2      | Reached skill level 6 in Crossbows
  1131 | D:2      | Reached skill level 7 in Crossbows
  1192 | D:2      | Identified a scroll of acquirement
  1368 | D:2      | Reached XP level 7. HP: 43/43 MP: 9/9
  1849 | D:2      | Reached skill level 8 in Crossbows
  2176 | D:2      | Reached skill level 9 in Crossbows
  2310 | D:2      | Reached XP level 8. HP: 48/48 MP: 10/10
  2329 | D:2      | Reached skill level 10 in Crossbows
  2330 | D:2      | Noticed Prince Ribbit
  2342 | D:2      | Killed Prince Ribbit
  2538 | D:3      | Reached skill level 11 in Crossbows
  2538 | D:3      | Reached skill level 1 in Dodging
  2549 | D:3      | Noticed Menkaure
  2550 | D:3      | Killed Menkaure
  2550 | D:3      | Reached skill level 1 in Shields
  2551 | D:3      | Reached XP level 9. HP: 55/55 MP: 11/11
  2622 | D:3      | Found a shadowy altar of Dithmenos.
  2631 | D:3      | Noticed Ijyb
  2632 | D:3      | Killed Ijyb
  2771 | D:3      | Found a runed translucent door.
  2774 | D:3      | Noticed Crazy Yiuf
  2779 | D:3      | Killed Crazy Yiuf
  3124 | D:4      | Found a staircase to the Ecumenical Temple.
  3184 | D:4      | Noticed Erica
  3229 | Temple   | Entered the Ecumenical Temple
  3696 | D:4      | Noticed Grum
  3698 | D:4      | Killed Grum
  3766 | D:4      | Found Adwett's Antique Armour Shop.
  3769 | D:4      | Bought a runed buckler for 210 gold pieces
  4064 | D:4      | Reached skill level 5 in Fighting
  4249 | D:4      | Killed Erica
  4249 | D:4      | Reached skill level 12 in Crossbows
  4249 | D:4      | Reached skill level 5 in Dodging
  4249 | D:4      | Reached XP level 10. HP: 66/66 MP: 12/12
  4358 | D:5      | Entered Level 5 of the Dungeon
  4395 | D:5      | Reached skill level 5 in Shields
  4500 | D:5      | Noticed Snorg
  4503 | D:5      | Killed Snorg
  4594 | D:5      | Reached XP level 11. HP: 65/75 MP: 13/13
  4727 | D:5      | Found a staircase to the Lair.
  4859 | D:5      | Identified the ring of Liberty {rElec Int+5 Slay+3 +Vis}
                  | (You acquired it on level 5 of the Dungeon)
  5097 | D:5      | Noticed Sonja
  5098 | D:5      | Killed Sonja
  5098 | D:5      | Reached skill level 13 in Crossbows
  5105 | D:5      | Found a glowing silver altar of Zin.
  5216 | D:5      | Noticed Fannar
  5229 | D:5      | Killed Fannar
  5250 | D:5      | Found a bloodstained altar of Trog.
  5329 | Lair:1   | Entered Level 1 of the Lair of Beasts
  5538 | Lair:1   | Noticed a five-headed hydra
  5540 | Lair:1   | Killed a five-headed hydra
  5943 | Lair:1   | Found a runed translucent gate.
  5943 | Lair:1   | Found a runed translucent gate.
  5943 | Lair:1   | Found a runed translucent gate.
  6332 | Lair:1   | Reached XP level 12. HP: 84/84 MP: 14/14
  6713 | Lair:2   | Reached skill level 14 in Crossbows
  6965 | Lair:2   | Reached skill level 10 in Fighting
  7010 | Lair:2   | Found a staircase to the Snake Pit.
  7287 | Lair:3   | Noticed a boulder beetle
  7298 | Lair:3   | Killed a boulder beetle
  7298 | Lair:3   | Reached skill level 10 in Dodging
  7495 | Lair:3   | Found a frozen archway.
  7646 | IceCv    | Entered an ice cave
  7652 | IceCv    | Reached XP level 13. HP: 89/93 MP: 15/15
  7802 | IceCv    | Identified the +1 ice dragon scales of Broken Taboos {rF-
                  | rC++ rN+ Int-5 +Vis}
  7955 | Lair:3   | Identified Neomn's Collected Works on Flames
  8059 | Lair:3   | Reached skill level 10 in Shields
  8524 | Lair:3   | Found a staircase to the Swamp.
  8635 | Lair:3   | Reached skill level 15 in Crossbows
  9263 | Lair:4   | Reached XP level 14. HP: 101/102 MP: 16/16
 10719 | Lair:6   | Entered Level 6 of the Lair of Beasts
 10758 | Lair:6   | Found a viscous altar of Jiyva.
 10759 | Lair:6   | Found a staircase to the Slime Pits.
 10856 | Lair:6   | Reached skill level 16 in Crossbows
 11038 | Lair:6   | Reached XP level 15. HP: 94/110 MP: 17/17
 11390 | Lair:6   | Identified the Volume of Heat
 11448 | Lair:6   | Identified the +8 hunting sling of Qiowened {molten, Str+3
                  | Int+3}
 12226 | D:6      | Found a runed translucent gate.
 12227 | D:6      | Found an iron altar of Okawaru.
 12227 | D:6      | Found a runed translucent gate.
 12227 | D:6      | Noticed Lanoc's ghost (novice DrDs)
 12228 | D:6      | Identified the cursed +7 lajatang "Dooth" {venom, *Contam
                  | rElec rPois Str+4, (Curse: *Rage)}
 12228 | D:6      | Found a runed translucent gate.
 12460 | D:6      | Found a staircase to the Orcish Mines.
 12881 | D:7      | Found an ornate altar of the Wu Jian Council.
 13001 | D:7      | Killed by a guardian mummy's death curse

Levels and vault maps discovered:
D:1:      onia_arrival_pentagram, layout_basic, kennysheep_generic_room_3,
          gup_sewer_entry_glass
D:2:      layout_sewer, sewer_frog_spiral, first_ration
D:3:      layout_cave_pools, nicolae_overflow_hidden_temple, uniq_ijyb,
          uniq_menkaure, uniq_crazy_yiuf_cottage
D:4:      layout_grid_maze, minmay_temple_entry_glassed_door, serial_shops,
          shop, uniq_grum, uniq_erica
D:5:      layout_gridville, kennysheep_mini_moat, tgw_trog,
          due_lair_maze_entry_diamond, serial_bayou, serial_bayou_shore_b,
          serial_bayou_pond_d, serial_bayou_pond_e, serial_bayou_lagoon_a,
          grunt_livestock, uniq_snorg, uniq_sonja, uniq_fannar
D:6:      layout_basic, hiddenorc2_lemuel, gammafunk_ghost_fury_of_okawaru,
          serial_corexii_hall, corexii_hall_statues_t,
          chequers_hall_statues_wall_a
D:7:      ossuary_crypta, layout_twisted_cavern, lemuel_doored_altar,
          erik_vaults_2, nicolae_ossuary_entry_monument, uniq_louise,
          uniq_nessos
Temple:   grunt_temple_mini_profane
Lair:1:   miniossuary_kennysheep_ghosthouse, layout_cave_pods,
          kennysheep_rathole, serial_bayou_shore_a
Lair:2:   layout_roguey, minmay_snake_entry_six_corridors, pond
Lair:3:   layout_misc_corridors, swamp_mist_pool,
          portal_ice_cave_entry_ice_beasts, st_stairs_11,
          eino_small_chamber_without_monster, nicolae_lair_grove_arrangements,
          serial_bayou_pond_e, worms_lemuel
Lair:4:   layout_loops_ring, lemuel_fruit_tree
Lair:5:   wander_river, layout_loops_ring, fungi_pond_lemuel,
          nicolae_lair_yak_garden
Lair:6:   evilmike_catoblepas_cave, layout_gridlike, slime_altar_1, zaba_anthole

Skill      XL: |  1  2  3  4  5  6  7  8  9 10 11 12 13 14 15 |
---------------+----------------------------------------------+-----
Stealth        | 2 |  2.0
Crossbows      | 1 3 5 7 9 11 12 13 14 15 16 | 16.5
Fighting       | 2 5 7 8 10 11 13 | 13.5
Dodging        | 1 5 6 8 10 11 12 13 | 13.4
Shields        | 1 4 6 7 9 10 11 12 | 12.4
Spellcasting   | |  1.6

Action                   |  1- 3 |  4- 6 |  7- 9 | 10-12 | 13-15 || total
-------------------------+-------+-------+-------+-------+-------++-------
Melee: Unarmed           |     3 |       |     5 |       |       ||     8
       Constrict         |     2 |       |     2 |       |       ||     4
       T. Slap           |     1 |       |     1 |       |       ||     2
       T. Squeeze        |       |       |     3 |       |       ||     3
 Fire: Triple crossbow   |    19 |    32 |   157 |   246 |   384 ||   838
  Use: Scroll            |     2 |     2 |     3 |     5 |     4 ||    16
       Potion            |       |     2 |       |     1 |     1 ||     4
  Eat: Chunk             |       |     1 |     6 |     7 |    21 ||    35
       Ration            |       |       |     1 |     1 |     1 ||     3
Armor: Skin              |     2 |     3 |     7 |     4 |     2 ||    18
Dodge: Dodged            |     4 |    32 |    50 |    89 |   202 ||   377
Block: Buckler           |       |       |     4 |    24 |    28 ||    56
       Heater shield     |       |       |       |       |    45 ||    45
